 Dungeon Crawl Stone Soup version 0.28-a0-1032-ga8db75c868 (webtiles) character file.

Game seed: 18267299972908478327

1848 Biba1Bloba the Cudgeller (level 8, -1/74 HPs)
             Began as a Deep Dwarf Berserker on Dec 7, 2021.
             Was a Follower of Trog.
             Killed by divine providence
             ... invoked by an orc priest
              (7 damage)
             ... on level 7 of the Dungeon.
             The game lasted 00:23:58 (6905 turns).

Biba1Bloba the Cudgeller (Deep Dwarf Berserker)     Turns: 6905, Time: 00:23:59

Health: -1/74      AC: 15    Str: 23    XL:     8   Next: 88%
Magic:  4/4        EV:  8    Int:  3    God:    Trog [*.....]
Gold:   126        SH:  0    Dex: 15    Spells: 7/7 levels left

rFire   . . .      SeeInvis .   A - +7 flail of Big Damage {freeze, Int-5 Dex+3 Stlth+}
rCold   . . .      Faith    .   (no shield)
rNeg    . . .      Spirit   .   t - +0 plate armour
rPois   .          Reflect  .   m - +0 helmet
rElec   .          Harm     .   E - scarf {shadows}
rCorr   .          Rampage  .   (no gloves)
Will    +....                   l - +0 pair of boots
Stlth   ..........              (no amulet)
HPRegen 0.00/turn               (no ring)
MPRegen 0.09/turn               (no ring)

@: about to teleport, on berserk cooldown, slowed, very slow
A: damage resistance, heal wounds, sense surroundings 1, no regeneration
a: Heal Wounds, Renounce Religion, Berserk


You were on level 7 of the Dungeon.
You worshipped Trog.
Trog was aware of your devotion.
You visited 2 branches of the dungeon, and saw 8 of its levels.

You collected 347 gold pieces.
You spent 221 gold pieces at shops.

Inventory:

Hand Weapons
 a - a +0 mace
 r - a +1 dagger of draining
 s - a +0 flail
 u - a +0 great sword
 y - a +2 dagger of venom
 A - the +7 flail of Big Damage (weapon) {freeze, Int-5 Dex+3 Stlth+}
   (You bought it in a shop on level 3 of the Dungeon)

   It freezes those it strikes, dealing additional cold damage.
   It can also slow down cold-blooded creatures.
   Int:       It affects your intelligence (-5).
   Dex:       It affects your dexterity (+3).
   Stlth:     It makes you more stealthy.
 F - a +5 morningstar
Armour
 b - a +0 animal skin
 e - a +0 scale mail
 l - a +0 pair of boots (worn)
 m - a +0 helmet (worn)
 t - a +0 plate armour (worn)
 E - a scarf of shadows (worn)
Jewellery
 x - a ring of ice
 B - an amulet of regeneration
Wands
 p - a wand of iceblast (10)
 w - a wand of digging (2)
 I - a wand of acid (14)
Scrolls
 c - 8 scrolls of identify
 d - 2 scrolls of teleportation
 g - 2 scrolls of brand weapon
 i - a scroll of blinking {unknown}
 j - 4 scrolls of magic mapping {unknown}
 k - 3 scrolls of fear {unknown}
 z - a scroll of enchant weapon {unknown}
 G - a scroll of amnesia {unknown}
 H - a scroll of fog {unknown}
Potions
 f - a potion of curing {unknown}
 h - a potion of flight {unknown}
 n - 2 potions of heal wounds {unknown}
 o - 2 potions of lignification {unknown}
 q - a potion of ambrosia {unknown}
 v - 2 potions of berserk rage {unknown}
 C - 2 potions of brilliance {unknown}
 D - a potion of attraction {unknown}


   Skills:
 + Level 5.0 Fighting
 + Level 3.3 Short Blades
 + Level 7.4 Maces & Flails
 + Level 7.0 Armour
 + Level 3.6 Dodging
 + Level 2.2 Stealth
 + Level 0.1 Unarmed Combat


You had 7 spell levels left.
You didn't know any spells.
Your spell library contained the following spells:

 Spells                   Type           Power      Damage    Failure   Level
 Animate Skeleton         Necr           0%         N/A       100%        1
 Ensorcelled Hibernation  Hex/Ice        0%         N/A       100%        2
 Borgnjor's Vile Clutch   Necr/Erth      0%         N/A       100%        5


Dungeon Overview and Level Annotations

Branches:
Dungeon (7/15)             Temple (1/1) D:6

Altars:
Ashenzari
Dithmenos
Gozag
Hepliaklqana
Kikubaaqudgha
Makhleb
Qazlal
Ru
Sif Muna
Trog
Vehumet
Wu Jian
Xom
Yredelemnul
Zin
The Shining One

Shops:
D:3 (   D:6 !?


Innate Abilities, Weirdness & Mutations

You are resistant to damage.
You can heal yourself by infusing magical energy.
You passively map a small area around you.
You do not regenerate.


Message History

The orc hits you but does no damage.
An orc wizard comes into view. It is wielding a +0 dagger.
The orc hits you but does no damage.
An orc priest and an orc wizard come into view.
You feel a strong urge to attack something.
The orc priest shouts!
The orc wizard shouts!
The orc warrior hits you with a +0 glaive.
The orc priest invokes the aid of Beogh against you.
Beogh smites you! The orc hits you but does no damage.
You thump the orc! You freeze the orc.
You kill the orc!
Trog accepts your kill. The orc hits you with a +0 short sword.
The orc barely misses you.
You sock the orc warrior! You freeze the orc warrior.
The orc warrior is severely wounded.
The orc priest mumbles some strange prayers to Beogh against you.
Pain shoots through your body!
The orc priest calls down the wrath of Beogh upon you.
Pain shoots through your body!
* * * LOW HITPOINT WARNING * * *
The orc barely misses you.
You are too berserk!
The orc warrior completely misses you. The orc barely misses you.
You feel a strong urge to attack something.
The orc warrior hits you from afar with a +0 glaive!
* * * LOW HITPOINT WARNING * * *
The orc priest casts a cantrip, but nothing happens.
You feel your anger nearly subside.
You are no longer berserk.
You are exhausted.
You feel yourself slow down.
As you read the scroll of teleportation, it crumbles to dust.
You feel strangely unstable.
The orc warrior hits you but does no damage.
The orc warrior hits you from afar with a +0 glaive.
* * * LOW HITPOINT WARNING * * *
The orc hits you with a +0 short sword.
* * * LOW HITPOINT WARNING * * *
The orc priest calls down the wrath of Beogh upon you.
Beogh smites you!
You die...

,..........## *
........###
.......## *
.......##
#.......#
........# * *
........# ####.
*, ,
.......###.....,
,, **
......@........
,# , *
.....##oo#######
.# ....#
##.o.....#..#
#..#
##oo.......# #.#
##.o..).....# ##
#............#
#.............#
#............##
.......o.....#


You could see 2 orc warriors, an orc priest, an orc wizard and 2 orcs.

Vanquished Creatures
  A water moccasin (D:5)
  A sky beast (D:7)
  An ice beast (D:4)
  2 ogres
  A necrophage (D:4)
  2 centaurs
  A phantom (D:6)
  A bullfrog (D:7)
  A scorpion (D:6)
  A wyvern skeleton (D:7)
  2 water moccasin skeletons (D:5)
  3 howler monkeys
  4 wights (D:7)
  A bullfrog zombie (D:6)
  A centaur zombie (D:7)
  A jelly (D:4)
  2 orc priests
  A bullfrog skeleton (D:5)
  4 iguanas
  3 orc wizards
  Natasha (D:2)
  A mummy (D:4)
  An adder (D:6)
  A howler monkey skeleton (D:4)
  2 shadow imps (D:6)
  2 white imps (D:6)
  A worm (D:4)
  2 dart slugs
  14 orcs
  7 ball pythons
  8 endoplasms
  3 giant cockroaches
  4 goblins
  6 hobgoblins
  3 quokkas
  10 bats
  5 frilled lizards
  5 kobolds
  2 orc zombies (D:4)
  5 rats
117 creatures vanquished.

Notes
Turn   | Place    | Note
-------+----------+-------------------------------------------
     0 | D:1      | Biba1Bloba the Deep Dwarf Berserker began the quest for the
                  | Orb.
     0 | D:1      | Reached XP level 1. HP: 20/20 MP: 1/1
   243 | D:1      | Reached XP level 2. HP: 27/27 MP: 2/2
   385 | D:1      | Found a faded altar of an unknown god.
   437 | D:1      | You fall into a shaft and drop 1 floor!
   448 | D:2      | Noticed an ogre
   455 | D:2      | Killed an ogre
   456 | D:2      | Reached XP level 3. HP: 28/34 MP: 3/3
   456 | D:2      | Reached XP level 4. HP: 35/42 MP: 4/4
   979 | D:2      | Noticed Natasha
   993 | D:2      | Killed Natasha
  1264 | D:1      | Reached XP level 5. HP: 46/49 MP: 5/5
  1524 | D:2      | Got the Handbook of Congealing Sinister Magic
  2201 | D:3      | Found Jofuoclu's Antique Weapon Emporium.
  2607 | D:3      | Reached skill level 5 in Maces & Flails
  2611 | D:3      | Reached ** piety under Trog
  2665 | D:3      | Reached XP level 6. HP: 50/57 MP: 6/6
  2870 | D:4      | Found a sand-covered staircase.
  3025 | D:4      | Found a glowing golden altar of the Shining One.
  3167 | D:4      | Noticed an ice beast
  3171 | D:4      | Killed an ice beast
  3172 | D:4      | Reached XP level 7. HP: 64/64 MP: 6/6
  3318 | D:4      | HP: 3/63 [orc priest/divine providence (6)]
  3880 | D:5      | Entered Level 5 of the Dungeon
  3892 | D:5      | Found an opulent altar of Gozag.
  4426 | D:5      | Reached skill level 5 in Armour
  5066 | D:5      | Reached skill level 1 in Stealth
  5426 | D:6      | Reached skill level 1 in Short Blades
  5779 | D:3      | Bought a transparent flail for 221 gold pieces
  5779 | D:3      | Identified the +7 flail of Big Damage {freeze, Int-5 Dex+3
                  | Stlth+} (You bought it in a shop on level 3 of the Dungeon)
  5864 | D:6      | Found Zeronkat's Distillery.
  5870 | D:6      | Found Kyghud's Magic Scroll Shoppe.
  5881 | D:6      | Reached XP level 8. HP: 73/73 MP: 5/5
  6137 | D:6      | Found a staircase to the Ecumenical Temple.
  6151 | Temple   | Entered the Ecumenical Temple
  6772 | D:7      | Reached skill level 5 in Fighting
  6905 | D:7      | Killed from afar by an orc priest

Illustrated notes

Levels and vault maps discovered:
D:1:      dpeg_arrival_solitude, layout_loops_ring,
          hellmonk_ecumenical_altar_zigzags, minmay_split_cup_large
D:2:      layout_basic, uniq_natasha
D:3:      minmay_wonky_spiral, layout_basic, serial_shops, nicolae_shop_stone
D:4:      layout_basic, nicolae_tso_carved_into_rock,
          nicolae_ossuary_entry_giza, chequers_serial_rivers_small_a
D:5:      layout_basic, kennysheep_mini_moat, kennysheep_windowed_goal
D:6:      layout_rooms, minmay_temple_entry_sparse_star, serial_shops,
          nicolae_shop_trees, nicolae_shop_stone
D:7:      layout_cave_pods, hex_large
Temple:   minmay_temple_curvy_branch

Skill      XL: |  1  2  3  4  5  6  7  8 |
---------------+-------------------------+-----
Fighting       | 3 4 5 |  5.0
Maces & Flails | 4 5 6 7 |  7.4
Armour         | 3 4 5 7 |  7.0
Dodging        | 3 |  3.6
Stealth        | 1 2 |  2.2
Short Blades   | 1 3 |  3.3
Unarmed Combat | |  0.1

Action                   |  1- 3 |  4- 6 |  7- 9 || total
-------------------------+-------+-------+-------++-------
Melee: Mace              |    33 |   176 |    32 ||   241
       Unarmed           |       |     6 |       ||     6
       Dagger            |       |       |    74 ||    74
       Flail             |       |       |    87 ||    87
Invok: Berserk           |     3 |     7 |     9 ||    19
       Trog's Hand       |       |     2 |     1 ||     3
 Abil: Heal Wounds       |       |     3 |     8 ||    11
  Use: Scroll            |       |       |     4 ||     4
Armor: Scale mail        |    13 |    96 |    31 ||   140
       Skin              |       |     1 |       ||     1
       Plate armour      |       |       |   101 ||   101
Dodge: Dodged            |    12 |    93 |   108 ||   213

Table legend: (Time is in decaauts)
 A = Elapsed time spent in this place.
 B = Non-inter-level travel time spent in this place.
 C = Inter-level travel time spent in this place.
 D = Time resting spent in this place.
 E = Time spent auto-exploring this place.
 F = Levels seen in this place.
 G = Mean time per level.
                   A        B        C        D        E       F      G
               +--------+--------+--------+--------+--------+-----+--------+
         Total |   7120 |   6384 |    736 |   1605 |   3145 |   8 |  890.0 |
       Dungeon |   6868 |   6132 |    736 |   1605 |   2924 |   7 |  981.1 |
        Temple |    252 |    252 |      0 |      0 |    221 |   1 |  252.0 |
               +--------+--------+--------+--------+--------+-----+--------+

Top non-repeatable levels by time:
     D:5: 1462 daAuts
     D:4: 1302 daAuts
     D:2: 1221 daAuts
     D:3: 1083 daAuts
     D:1: 784 daAuts
     D:6: 715 daAuts
     D:7: 298 daAuts
  Temple: 252 daAuts
